 Dungeon Crawl Stone Soup version 0.25-a0-36-g303dd5b1f4 (webtiles) character file.

Game seed: 7927721371099560355, levelgen mode: deterministic

86829 Flugkiller the Cleaver (level 15, -1/156 HPs)
             Began as an Octopode Enchanter on Oct 20, 2019.
             Was a High Priest of Qazlal.
             Slain by a tarantella (15 damage)
             ... on level 3 of the Lair of Beasts.
             The game lasted 01:16:28 (41133 turns).

Flugkiller the Cleaver (Octopode Enchanter)        Turns: 41133, Time: 01:16:29

Health: -1/156     AC:  9    Str: 13 (14) XL:     15   Next: 88%
Magic:  33/33      EV: 25    Int: 22 (25) God:    Qazlal [*****.]
Gold:   1338       SH:  0    Dex: 16 (17) Spells: 6/29 levels left

rFire    . . .     SeeInvis .   M - +9 battleaxe "Xeibradgh" {chop, MR++}
rCold    + . .     Gourm    .   (shield currently unavailable)
rNeg     . . .     Faith    +   L - +0 hat
rPois    +         Spirit   .   q - amulet of faith
rElec    +         Reflect  .   O - +3 ring of protection
rCorr    +         Harm     .   F - ring of resist corrosion
MR       +++..                  G - ring of magical power
Stlth    ..........             s - ring of wizardry
HPRegen  0.36/turn              Y - ring of Suspected Treachery {Ice rElec Int+7}
MPRegen  0.23/turn              X - ring of poison resistance
                                (no ring)
                                (no ring)

@: confused, berserking, protected from physical damage, hasted, repel missiles,
very quick
A: almost no armour, stealthy swim, amphibious, 8 rings, constrict 8, repulsion
field 1, slimy green scales 1, camouflage 1, blurry vision 1, deterioration 1,
fire resistance 1, low mp 1, gelatinous body 1
a: Upheaval, Elemental Force, Disaster Area, Renounce Religion


You were on level 3 of the Lair of Beasts.
You worshipped Qazlal.
Qazlal was extremely pleased with you.
You were not hungry.

You visited 4 branches of the dungeon, and saw 24 of its levels.
You also visited: Sewer.

You collected 2526 gold pieces.
You spent 1188 gold pieces at shops.

Inventory:

Hand Weapons
 a - a +2 dagger of draining
   (You found it on level 9 of the Dungeon)
 b - a +1 dagger of venom
   (You took it off an orc on level 8 of the Dungeon)
 A - a +2 battleaxe of flaming
   (You found it on level 8 of the Dungeon)
 M - the +9 battleaxe "Xeibradgh" (weapon) {chop, MR++}
   (You bought it in a shop on level 2 of the Orcish Mines)

   It inflicts extra damage upon your enemies.
   It affects your resistance to hostile enchantments.
Missiles
 P - 2 throwing nets (quivered)
Armour
 L - a +0 hat (worn)
   (You took it off Gastronok on level 2 of the Lair of Beasts)
Magical Staves
 J - an uncursed staff of wizardry
   (You found it on level 11 of the Dungeon)
Jewellery
 q - an amulet of faith (around mantle)
   (You found it on level 5 of the Dungeon)
 s - a ring of wizardry (on tentacle)
   (You found it on level 1 of the Lair of Beasts)
 F - a ring of resist corrosion (right tentacle)
   (You found it on level 10 of the Dungeon)
 G - a ring of magical power (on tentacle)
   (You found it on level 10 of the Dungeon)
 O - a +3 ring of protection (left tentacle)
   (You found it on level 2 of the Lair of Beasts)
 X - a ring of poison resistance (on tentacle)
   (You took it off a centaur on level 12 of the Dungeon)
 Y - the ring of Suspected Treachery (on tentacle) {Ice rElec Int+7}
   (You bought it in a shop on level 2 of the Orcish Mines)

   [ring of ice]

   It enhances your ice magic.
   It affects your intelligence (+7).
   It makes you vulnerable to fire.
   It protects you from cold.
   It insulates you from electricity.
Wands
 u - a wand of flame (30)
   (You found it on level 9 of the Dungeon)
 v - a wand of disintegration (25)
   (You found it on level 7 of the Dungeon)
 y - a wand of paralysis (10)
   (You found it on level 7 of the Dungeon)
 R - a wand of digging (6)
   (You found it on level 3 of the Lair of Beasts)
 T - a wand of acid (7)
   (You found it on level 4 of the Lair of Beasts)
 U - a wand of iceblast (5)
   (You found it on level 4 of the Lair of Beasts)
 V - a wand of enslavement (9)
   (You found it on level 14 of the Dungeon)
Scrolls
 e - 9 scrolls of remove curse
 f - a scroll of holy word
 g - 4 scrolls of teleportation
 l - 4 scrolls of fog
 n - 2 scrolls of enchant weapon
 o - 6 scrolls of immolation
 p - 2 scrolls of magic mapping
 t - 3 scrolls of blinking
 x - 2 scrolls of fear
 D - a scroll of identify
 E - a scroll of brand weapon
 H - a scroll of torment
 K - 2 scrolls of enchant armour
 Q - a scroll of silence
 S - a scroll of vulnerability
Potions
 c - 2 potions of lignification
 h - 3 potions of berserk rage
 i - 2 potions of resistance
 j - 6 potions of curing
 k - 11 potions of might
 m - 3 potions of haste
 r - a potion of magic
 w - 4 potions of agility
 z - 5 potions of brilliance
 B - a potion of flight
 C - a potion of invisibility
 W - 2 potions of cancellation
Miscellaneous
 I - a phantom mirror
 N - a phial of floods (inert)
   (You found it on level 1 of the Lair of Beasts)
Comestibles
 d - 36 rations


   Skills:
 - Level 10.3 Fighting
 - Level 2.0 Short Blades
 - Level 13.3 Axes
 - Level 12.7 Dodging
 - Level 4.0 Stealth
 + Level 7.9 Spellcasting
 - Level 12.0 Hexes
 - Level 2.0 Charms
 - Level 5.0 Necromancy
 + Level 6.3 Transmutations
 + Level 6.3 Earth Magic
 - Level 5.1 Invocations


You had 6 spell levels left.
You knew the following spells:

 Your Spells              Type           Power        Failure   Level  Hunger
a - Corona                Hex            ######.      1%          1    None
b - Statue Form           Tmut/Erth      #####....    32%         6    ######.
c - Confuse               Hex            ######..     1%          3    None
d - Tukima's Dance        Hex            ######..     1%          3    None
e - Dazzling Spray        Conj/Hex       #####.       1%          3    None
f - Regeneration          Chrm/Necr      ###.......   2%          3    None
g - Animate Dead          Necr           N/A          4%          4    ###....

Your spell library contained the following spells:

 Spells                   Type           Power        Failure   Level  Hunger
 Animate Skeleton         Necr           N/A          1%          1    None
 Pain                     Necr           ####         1%          1    None
 Ensorcelled Hibernation  Hex/Ice        ######       1%          2    None
 Vampiric Draining        Necr           ####......   1%          3    None
 Irradiate                Conj/Tmut      ###.......   22%         5    #####..
 Bolt of Magma            Conj/Fire/Erth ###.......   32%         5    #####..
 Hydra Form               Tmut           #####.....   32%         6    ######.
 Iskenderun's Battlesphe  Conj/Chrm      ##......     45%         5    #####..
 Venom Bolt               Conj/Pois      #.........   61%         5    #####..
 Iron Shot                Conj/Erth      ###.......   75%         6    ######.
 Dragon Form              Tmut           #####.....   86%         7    #######
 Orb of Destruction       Conj           #.........   100%        7    #######
 Spellforged Servitor     Conj/Summ      #.........   100%        7    #######


Dungeon Overview and Level Annotations

Branches:
Dungeon (15/15)            Temple (0/1) D:5            Lair (6/6) D:11
  Swamp (0/4) Lair:4       Spider (1/4) Lair:3        Slime (0/5) Lair:6
    Orc (2/2) D:11            Elf (0/3) Orc:2        Vaults (0/5) D:13
 Depths (0/5) D:15          Sewer (visited)

Altars:
Ashenzari
Cheibriados
Dithmenos
Elyvilon
Makhleb
Okawaru
Qazlal
Sif Muna
Vehumet
Xom
Zin
The Shining One
Beogh
Jiyva

Shops:
D:10 !   D:15 (   Orc:2 [%(%=*(:

Portals:
Trove: D:14 (give +6 demon whip)

Annotations:
D:7 exclusion: statue
D:8 exclusion: upstairs
D:15 3 runed translucent doors, KristoblXynda's ghost, journeyman DrSk
Lair:1 1 runed translucent door, mortelune's ghost, journeyman DrCj
Lair:2 3 runed translucent doors, mortelune's ghost, journeyman DEFE
Lair:4 2 transporters, DevastatorOne's ghost, journeyman DsGl
Orc:1 Saint Roka


Innate Abilities, Weirdness & Mutations

You cannot wear most types of armour.
You are very stealthy in the water. (Stealth+)
You are amphibious.
You can wear up to eight rings at the same time.
You can use your tentacles to constrict eight enemies at once.
Your skin changes colour to match your surroundings (Stealth+).
Your rubbery body absorbs attacks. (AC +1, EV +1)
You are surrounded by a mild repulsion field. (EV +2)
You are partially covered in slimy green scales. (AC +2)
Scrolls take you a little longer to read.
Your body sometimes deteriorates upon taking damage.
Your flesh is heat resistant. (rF+)
Your magical capacity is low. (-10% MP)


Message History

You block the tarantella's attack.
The demonic crawler completely misses you.
The demonic crawler closely misses you. The demonic crawler misses you.
The wolf spider closely misses you. You block the wolf spider's attack.
The tarantella bites you but does no damage.
The tarantella completely misses you.
Unknown command.
A red film seems to cover your vision as you go berserk!
You feel yourself moving faster!
You feel mighty!
You block the demonic crawler's attack. x2
The demonic crawler hits you but does no damage.
You block the wolf spider's attack. x2; The tarantella bites you.
You are confused.
The tarantella closely misses you.
You miss the tarantella. You hit the demonic crawler.
You closely miss the tarantella.
You hit the demonic crawler but do no damage.
You closely miss the wolf spider.
The demonic crawler completely misses you.
The demonic crawler hits you.
* * * LOW HITPOINT WARNING * * *
The demonic crawler closely misses you. x2
The demonic crawler completely misses you.
The demonic crawler hits you.
* * * LOW HITPOINT WARNING * * *
You feel more protected from physical attacks.
The wolf spider hits you!
* * * LOW HITPOINT WARNING * * *
The wolf spider barely misses you.
The tarantella is engulfed in blazing flames.
The tarantella completely misses you.
You closely miss the wolf spider. You slash the demonic crawler!
You miss the tarantella. You hit the demonic crawler. You miss the tarantella.
The tarantella bites you!
* * * LOW HITPOINT WARNING * * *
The demonic crawler completely misses you.
The demonic crawler hits you.
* * * LOW HITPOINT WARNING * * *
You feel more protected from physical attacks.
The demonic crawler completely misses you.
The wolf spider closely misses you. The wolf spider completely misses you.
The demonic crawler hits you!
* * * LOW HITPOINT WARNING * * *
The demonic crawler hits you!
* * * LOW HITPOINT WARNING * * *
The demonic crawler hits you.
* * * LOW HITPOINT WARNING * * *
The tarantella is engulfed in blazing flames.
The tarantella bites you!
You die...

######...## ##.#......## ###..
#.........# ##......#...# #.##.
##........### #...........####.#.
##..........####...........####..
#..........#..##..........###.#..
#......>.......+...........###...
#............##§..........#.#....
.+........#####sss§.......+...#..
..........# ##@s...).....#..#.#
########.## #.s#.####.########
### ###### ###


You could see 2 demonic crawlers, a wolf spider and 2 tarantellas.

Vanquished Creatures
  Gastronok (Lair:2)
  An orc warlord (Orc:1)
  Azrael (D:12)
  A yaktaur captain (D:15)
  4 hydras
  An ogre mage (D:13)
  7 centaur warriors
  3 catoblepae
  7 death yaks
  2 death knights
  2 two-headed ogres
  4 orc high priests
  5 unseen horrors
  Pikel (D:9)
  2 orc knights
  5 manticores
  An ugly thing (D:11)
  3 orc sorcerers (Orc:2)
  2 deep elf magi
  A necromancer (Lair:5)
  A shining eye (shapeshifter) (D:14)
  4 cyclopes
  11 elephants
  4 black mambas
  2 gargoyles
  10 spiny frogs
  2 efreet (D:15)
  7 rime drakes
  7 komodo dragons
  A yaktaur (D:15)
  2 freezing wraiths
  9 trolls
  A polar bear (Lair:5)
  A queen bee (Lair:1)
  14 blink frogs
  A hornet (D:10)
  Prince Ribbit (D:9)
  3 slime creatures (D:13)
  7 hippogriffs
  2 dancing weapons
  6 spriggans (Lair:2)
  A shadow (D:13)
  A centaur simulacrum (D:15)
  3 redbacks (Lair:3)
  2 tarantellas (Lair:3)
  47 yaks
  5 wraiths
  5 wyverns
  A basilisk (shapeshifter) (D:14)
  A human (D:6)
  3 fire elementals (D:11)
  3 hogs
  3 fire bats (Lair:4)
  2 basilisks
  Grum (D:9)
  3 hungry ghosts
  3 wargs
  A harpy simulacrum (D:14)
  5 hell hounds
  2 acid dragons
  3 black bears
  11 water moccasins
  30 orc warriors
  14 porcupines
  Purgy (Sewer)
  7 ice beasts
  A sky beast (D:5)
  7 ogres
  2 elephant zombies (Lair:5)
  A necrophage (D:7)
  2 phantoms
  5 wolves
  4 slaves (D:9)
  17 centaurs
  2 big kobolds
  6 crocodiles
  17 bullfrogs
  6 scorpions
  A water moccasin skeleton (D:7)
  26 killer bees
  An electric eel (Lair:5)
  A howler monkey (D:13)
  6 wights
  A basilisk zombie (Lair:5)
  9 crimson imps
  A quasit (D:5)
  4 centaur zombies
  14 orc priests
  8 centaur skeletons
  4 jellies
  A gnoll shaman (D:7)
  6 hounds
  An iron imp (D:5)
  Jessica (D:3)
  5 iguanas
  29 orc wizards
  A hell rat (D:11)
  7 worker ants
  A crocodile zombie (Lair:5)
  A hound zombie (D:5)
  A mummy (D:8)
  A hound skeleton (D:5)
  A worker ant zombie (D:10)
  9 gnolls
  19 adders
  A river rat (D:11)
  3 shadow imps
  4 oozes
  2 adder skeletons
  3 worms
  A dart slug (D:1)
  2 leopard geckos
  81 orcs
  6 giant cockroaches
  7 goblins (D:2)
  8 hobgoblins
  2 jackals (D:2)
  15 kobolds
  8 quokkas
  4 ball pythons
  A ball python zombie (D:5)
  8 bats
  8 frilled lizards
  A jackal skeleton (D:5)
  A leopard gecko skeleton (D:6)
  A quokka skeleton (D:6)
  10 rats
  2 butterflies (Lair:3)
  4 fungi
721 creatures vanquished.

Vanquished Creatures (collateral kills)
  A two-headed ogre (D:9)
  An elephant (Lair:2)
  A spiny frog (Lair:3)
  A porcupine (Lair:3)
  4 orc warriors
  2 ogres
  3 wights (D:10)
  An orc priest (D:8)
  A gnoll (D:8)
  A shadow imp (D:7)
16 creatures vanquished.

Vanquished Creatures (others)
  A two-headed ogre (D:12)
  4 dancing weapons
  An orc warrior (D:13)
  18 fungi
  7 plants
31 creatures vanquished.

Grand Total: 768 creatures vanquished

Notes
Turn   | Place    | Note
-------+----------+-------------------------------------------
     0 | D:1      | Flugkiller the Octopode Enchanter began the quest for the
                  | Orb.
     0 | D:1      | Reached XP level 1. HP: 11/11 MP: 3/3
    91 | D:1      | Reached skill level 1 in Fighting
   151 | D:1      | Reached XP level 2. HP: 18/18 MP: 5/5
   490 | D:1      | Learned a level 2 spell: Ensorcelled Hibernation
   824 | D:2      | Reached XP level 3. HP: 10/23 MP: 6/6
  1726 | D:2      | Reached XP level 4. HP: 28/28 MP: 3/7
  2209 | D:2      | Reached skill level 5 in Hexes
  2714 | D:3      | Reached XP level 5. HP: 33/33 MP: 8/8
  2740 | D:3      | Found a faded altar of an unknown god.
  2748 | D:3      | Became a worshipper of Qazlal Stormbringer
  2748 | D:3      | Reached * piety under Qazlal
  2749 | D:3      | lol
  2773 | D:3      | Noticed Jessica
  2788 | D:3      | Killed Jessica
  4373 | D:4      | Reached XP level 6. HP: 31/39 MP: 7/9
  4378 | D:4      | Learned a level 3 spell: Confuse
  4382 | D:4      | Learned a level 3 spell: Tukima's Dance
  4444 | D:4      | Noticed a phantom
  4526 | D:4      | Killed a phantom
  4534 | D:4      | Reached ** piety under Qazlal
  4534 | D:4      | Reached skill level 5 in Dodging
  4795 | D:4      | Gained mutation: You occasionally shout uncontrollably at
                  | your foes. [potion of mutation]
  4795 | D:4      | Gained mutation: Scrolls take you a little longer to read.
                  | [potion of mutation]
  4795 | D:4      | Gained mutation: You are partially covered in thin metallic
                  | scales. (AC +2) [potion of mutation]
  4795 | D:4      | Gained mutation: You expend magic power (3 MP) to
                  | strengthen your wands. [potion of mutation]
  4796 | D:4      | Lost mutation: You are partially covered in thin metallic
                  | scales. (AC +2) [potion of mutation]
  4796 | D:4      | Lost mutation: You occasionally shout uncontrollably at
                  | your foes. [potion of mutation]
  4796 | D:4      | Gained mutation: You are partially covered in slimy green
                  | scales. (AC +2) [potion of mutation]
  4796 | D:4      | Gained mutation: You possess an exceptional clarity of
                  | mind. [potion of mutation]
  4796 | D:4      | Gained mutation: You are resistant to electric shocks.
                  | (rElec) [potion of mutation]
  4887 | D:4      | Found a shimmering altar of Xom.
  4887 | D:4      | Found a burning altar of Makhleb.
  4891 | D:4      | Found an iron altar of Okawaru.
  5004 | D:4      | Reached XP level 7. HP: 40/45 MP: 10/10
  5058 | D:4      | Found a glowing silver altar of Zin.
  5110 | D:5      | Entered Level 5 of the Dungeon
  5127 | D:5      | Found a glowing drain.
  5175 | Sewer    | Entered a sewer
  5344 | Sewer    | Noticed Purgy
  5357 | Sewer    | Killed Purgy
  5663 | D:5      | Found a staircase to the Ecumenical Temple.
  5699 | D:5      | Reached XP level 8. HP: 28/54 MP: 7/12
  5913 | D:5      | Lost mutation: You expend magic power (3 MP) to strengthen
                  | your wands. [potion of mutation]
  5913 | D:5      | Lost mutation: You possess an exceptional clarity of mind.
                  | [potion of mutation]
  5913 | D:5      | Lost mutation: You are resistant to electric shocks.
                  | (rElec) [potion of mutation]
  5913 | D:5      | Gained mutation: Your flesh is heat resistant. (rF+)
                  | [potion of mutation]
  5913 | D:5      | Gained mutation: Your spells are a little harder to cast,
                  | but a little more powerful. [potion of mutation]
  5913 | D:5      | Gained mutation: You are resistant to hostile enchantments.
                  | (MR+) [potion of mutation]
  5913 | D:5      | Gained mutation: You expend magic power (3 MP) to
                  | strengthen your wands. [potion of mutation]
  6401 | D:5      | Found a snail-covered altar of Cheibriados.
  6408 | D:5      | Reached *** piety under Qazlal
  7767 | D:6      | Reached skill level 1 in Invocations
  7767 | D:6      | Reached XP level 9. HP: 57/59 MP: 15/15
  8017 | D:7      | Found a radiant altar of Vehumet.
  8235 | D:7      | Reached skill level 5 in Invocations
  8243 | D:7      | Reached **** piety under Qazlal
  8470 | D:6      | Reached skill level 5 in Fighting
  9587 | D:8      | Reached XP level 10. HP: 64/68 MP: 12/16
 10464 | D:7      | Noticed a rust devil
 10464 | D:7      | Noticed a rust devil
 10561 | D:8      | Found a shadowy altar of Dithmenos.
 10932 | D:8      | Found a shimmering blue altar of Sif Muna.
 10980 | D:9      | Found a shattered altar of Ashenzari.
 11019 | D:9      | Noticed Prince Ribbit
 11035 | D:9      | Killed Prince Ribbit
 11035 | D:9      | Reached skill level 1 in Axes
 11165 | D:9      | Reached skill level 2 in Axes
 11211 | D:9      | Reached ***** piety under Qazlal
 11370 | D:9      | Noticed Pikel
 11556 | D:9      | Killed Pikel
 11556 | D:9      | Reached skill level 3 in Axes
 11930 | D:9      | Noticed Grum
 11953 | D:9      | Killed Grum
 12020 | D:9      | Noticed a two-headed ogre
 12136 | D:9      | Killed a two-headed ogre
 12136 | D:9      | Reached skill level 4 in Axes
 12136 | D:9      | Reached XP level 11. HP: 29/75 MP: 13/17
 12459 | D:10     | Entered Level 10 of the Dungeon
 12494 | D:10     | Found a radiant altar of Vehumet.
 12547 | D:10     | Reached skill level 10 in Dodging
 12935 | D:10     | Found Hubryset's Distillery.
 12959 | D:10     | Lost mutation: Scrolls take you a little longer to read.
                  | [potion of mutation]
 12959 | D:10     | Lost mutation: You are resistant to hostile enchantments.
                  | (MR+) [potion of mutation]
 12959 | D:10     | Lost mutation: You expend magic power (3 MP) to strengthen
                  | your wands. [potion of mutation]
 12959 | D:10     | Gained mutation: Your magical capacity is low. (-10% MP)
                  | [potion of mutation]
 12959 | D:10     | Gained mutation: You are surrounded by a mild repulsion
                  | field. (EV +2) [potion of mutation]
 12960 | D:10     | I think that's worth it, tbh
 12960 | D:10     | Still keep wild magic which is the most important thing rn
 12965 | D:10     | Bought a potion of heal wounds for 75 gold pieces
 12965 | D:10     | Bought a potion of heal wounds for 75 gold pieces
 13288 | D:11     | Noticed a death knight
 13295 | D:10     | Reached skill level 5 in Axes
 15000 | D:10     | Killed a death knight
 15023 | D:10     | Found a radiant altar of Vehumet.
 15285 | D:10     | Found Hubryset's Distillery.
 15821 | D:11     | Noticed a manticore
 15878 | D:11     | Noticed a death yak
 15896 | D:10     | Reached skill level 6 in Axes
 15983 | D:11     | Noticed a death yak
 15983 | D:11     | Noticed a death yak
 16194 | D:10     | Learned a level 3 spell: Dazzling Spray
 16699 | D:10     | Killed a death yak
 17196 | D:10     | Killed a death yak
 17370 | D:11     | Killed a manticore
 17388 | D:10     | Noticed an unseen horror
 17433 | D:10     | Killed an unseen horror
 17433 | D:10     | Reached skill level 5 in Spellcasting
 17703 | D:11     | Noticed a cyclops
 18090 | D:10     | Killed a death yak
 18090 | D:10     | Reached XP level 12. HP: 55/82 MP: 11/17
 18228 | D:11     | Reached skill level 10 in Hexes
 18673 | D:11     | Found a staircase to the Orcish Mines.
 18698 | D:11     | Noticed a centaur warrior
 18707 | D:11     | Killed a centaur warrior
 18975 | D:11     | Found a roughly hewn altar of Beogh.
 19226 | D:11     | Found a staircase to the Lair.
 19406 | Lair:1   | Entered Level 1 of the Lair of Beasts
 19907 | Lair:1   | Learned a level 3 spell: Regeneration
 20052 | Lair:1   | Reached skill level 1 in Charms
 20052 | Lair:1   | Reached skill level 1 in Necromancy
 21017 | Lair:1   | Found a runed translucent door.
 21017 | Lair:1   | Found a shimmering altar of Xom.
 21017 | Lair:1   | Noticed mortelune's ghost (journeyman DrCj)
 21171 | Lair:1   | Reached skill level 5 in Necromancy
 21473 | Lair:2   | Noticed a minotaur
 21504 | Lair:1   | Reached skill level 7 in Axes
 21504 | Lair:1   | Reached XP level 13. HP: 65/88 MP: 18/18
 21663 | Lair:2   | Reached skill level 8 in Axes
 21680 | Lair:2   | Learned a level 4 spell: Animate Dead
 21763 | Lair:2   | Found a runed translucent gate.
 21764 | Lair:2   | Found a runed translucent gate.
 21764 | Lair:2   | Noticed mortelune's ghost (journeyman DEFE)
 21765 | Lair:2   | Found a runed translucent gate.
 21829 | Lair:2   | Noticed Gastronok
 21998 | Lair:2   | Killed Gastronok
 21998 | Lair:2   | Reached ****** piety under Qazlal
 21998 | Lair:2   | Reached skill level 9 in Axes
 22433 | Lair:2   | Reached skill level 10 in Axes
 23292 | Lair:3   | You fall into a shaft and drop 2 floors!
 23305 | Lair:4   | Found a transporter.
 23305 | Lair:4   | Noticed DevastatorOne's ghost (journeyman DsGl)
 23319 | Lair:4   | Found a transporter.
 23326 | Lair:4   | Found a staircase to the Swamp.
 23444 | Lair:3   | Reached skill level 11 in Axes
 23791 | Lair:3   | Found a hole to the Spider Nest.
 24996 | Lair:4   | Reached skill level 12 in Axes
 25959 | Lair:5   | Reached XP level 14. HP: 95/95 MP: 19/19
 26815 | Lair:6   | Entered Level 6 of the Lair of Beasts
 26815 | Lair:6   | Found a staircase to the Slime Pits.
 26815 | Lair:6   | Found a viscous altar of Jiyva.
 29908 | Lair:5   | Reached skill level 13 in Axes
 30569 | D:12     | Noticed Azrael
 31145 | D:12     | Killed Azrael
 31145 | D:12     | Reached skill level 10 in Fighting
 31882 | D:12     | Learned a level 6 spell: Statue Form
 32020 | D:12     | Found a glowing golden altar of the Shining One.
 32409 | D:13     | Reached skill level 1 in Earth Magic
 32452 | D:12     | Reached skill level 1 in Transmutations
 32684 | D:13     | Reached XP level 15. HP: 81/104 MP: 21/21
 33321 | D:13     | Found a gate to the Vaults.
 33987 | D:14     | Found a portal to a secret trove of treasure.
 34529 | D:14     | Found a white marble altar of Elyvilon.
 34714 | D:14     | Lost mutation: Your spells are a little harder to cast, but
                  | a little more powerful. [a shining eye]
 34716 | D:14     | FUCK
 34716 | D:14     | Autoexplore too
 34716 | D:14     | Didn't even get a turn to react
 34721 | D:14     | Gained mutation: Scrolls take you a little longer to read.
                  | [a shining eye]
 34725 | D:14     | Gained mutation: Your body sometimes deteriorates upon
                  | taking damage. [a shining eye]
 34732 | D:14     | I hate this game.
 35106 | D:15     | Entered Level 15 of the Dungeon
 36264 | D:15     | Noticed KristoblXynda's ghost (journeyman DrSk)
 36267 | D:15     | Found a runed translucent gate.
 36267 | D:15     | Found a runed translucent gate.
 36267 | D:15     | Found a runed translucent gate.
 36402 | D:15     | Found Itiricit's Weapon Boutique.
 36475 | D:15     | Reached skill level 5 in Transmutations
 36475 | D:15     | Reached skill level 5 in Earth Magic
 36582 | D:15     | Found a staircase to the Depths.
 36748 | Orc:1    | Entered Level 1 of the Orcish Mines
 36813 | Orc:2    | Entered Level 2 of the Orcish Mines
 36813 | Orc:2    | Found Irchekhlu's Antique Armour Emporium.
 38333 | Orc:2    | Noticed an orc warlord
 38348 | Orc:2    | Found Noralen's Food Shoppe.
 38636 | Orc:1    | Killed an orc warlord
 38784 | Orc:2    | Noticed Saint Roka
 40200 | Orc:2    | Found Imnos's General Store.
 40211 | Orc:2    | Found Memuwkig's Book Shoppe.
 40227 | Orc:2    | Found Asoxum's Antique Weapon Shoppe.
 40235 | Orc:2    | Bought a jewelled battleaxe for 287 gold pieces
 40237 | Orc:2    | Identified the +9 battleaxe "Xeibradgh" {chop, MR++} (You
                  | bought it in a shop on level 2 of the Orcish Mines)
 40252 | Orc:2    | Found Pommawigh's Jewellery Emporium.
 40300 | Orc:2    | Found Fumpel's Food Boutique.
 40302 | Orc:2    | Found Hiekh's Weapon Emporium.
 40303 | Orc:2    | Found a staircase to the Elven Halls.
 40638 | Orc:2    | Bought the ring of Suspected Treachery {Ice rElec Int+7}
                  | for 751 gold pieces
 40721 | Orc:1    | If I can _just_ hold out until statue form...
 40884 | Spider:1 | Entered Level 1 of the Spider Nest
 41133 | Lair:3   | Slain by a tarantella

Levels and vault maps discovered:
D:1:      mainiacjoe_arrival_reflecting_pool, layout_loops_ring,
          serial_bayou_pond_e, minmay_unequal
D:2:      layout_basic, hangedman_decor_diamond_cutter, nrook_mini_backslash
D:3:      layout_basic, chequers_ecumenical_altar_simple_redux, uniq_jessica
D:4:      layout_rooms, kennysheep_mini_moat, nicolae_overflow_hidden_temple,
          gammafunk_temple_overflow_claw
D:5:      kennysheep_spiral_hall, layout_basic, slow_altar_1,
          minmay_temple_entry_steel_oval, gup_sewer_entry_glass, first_ration
D:6:      layout_rooms
D:7:      cheibrodos_iron_armory, layout_loops_corners, vehumet_statue,
          grunt_livestock
D:8:      layout_cave_pools, lemuel_blue_sif_altar,
          nicolae_dithmenos_the_darkroom, gup_ossuary_entry_pyramid
D:9:      layout_long_grid, nicolae_ashenzari_panopticon, uniq_grum,
          uniq_prince_ribbit1, uniq_pikel
D:10:     layout_roguey, serial_glass, glass_columns_a, glass_columns_a,
          basic_altar, serial_shops, nicolae_shop_stone, lightli_orcish_oven
D:11:     layout_cave_pools, dpeg_lair_monsters, minmay_orc_entry_temple_small,
          minmay_diamond_spiral
D:12:     layout_stronghold, lemuel_centaur_altar, uniq_azrael
D:13:     layout_loops_cross, david_vaults_2
D:14:     layout_long_grid, elyvilon_altar_1, nicolae_trove_entry_free_sample
D:15:     grunt_enter_depths_snipers, layout_irregular_city,
          ebering_ghost_rock_garden, chequers_serial_rivers_small_3,
          serial_shops, shop
Lair:1:   layout_gridlike, special_room [special_room_bee], ebering_ghost_xom,
          portal_ice_cave_rime, serial_bayou_pond_a
Lair:2:   kb_forest_paths, layout_regular_city, maelrawn_ghost_gauntlet_escape,
          wad_woods_road_04, uniq_gastronok
Lair:3:   layout_roguey, dummy_spider_entry, minivault_11, lemuel_fruit_fields
Lair:4:   layout_roguey, swamp_mist_pool, nicolae_volcano_entry_batcave,
          gammafunk_ghost_arena, infiniplex_staircase_pool
Lair:5:   pond_and_an_island_with_a_cottage, layout_gridlike,
          serial_bayou_pond_e
Lair:6:   evilmike_catoblepas_cave, layout_misc_corridors, slime_altar_1
Spider:1: layout_spider_delve, uniq_jorgrun
Orc:1:    layout_diamond_mine, abandoned_shop
Orc:2:    grunt_orc_gardens, layout_diamond_mine, grunt_orc_garden,
          grunt_orc_garden, grunt_orc_garden, grunt_orc_garden, serial_shops,
          nicolae_shop_statue_plus, shop, shop, nicolae_shop_waterfront,
          uniq_saint_roka

Skill      XL: |  1  2  3  4  5  6  7  8  9 10 11 12 13 14 15 |
---------------+----------------------------------------------+-----
Fighting       | 1 2 4 6 7 8 10 | 10.3
Hexes          | 4 5 8 9 12 | 12.0
Short Blades   | 2 |  2.0
Dodging        | 3 5 7 9 11 12 | 12.7
Spellcasting   | 4 5 7 |  7.9
Invocations    | 1 5 |  5.1
Axes           | 4 6 7 12 13 | 13.3
Charms         | 2 |  2.0
Necromancy     | 5 |  5.0
Earth Magic    | 1 6 |  6.3
Transmutations | 1 6 |  6.3
Stealth        | |  4.0

Action                   |  1- 3 |  4- 6 |  7- 9 | 10-12 | 13-15 || total
-------------------------+-------+-------+-------+-------+-------++-------
Melee: Dagger            |    62 |   183 |   365 |   350 |       ||   960
       Constrict         |     8 |    39 |    73 |   115 |   118 ||   353
       Tentacles         |     2 |    38 |    78 |   138 |   190 ||   446
       Battleaxe         |       |       |       |   268 |   955 ||  1223
 Cast: Ensorcelled Hiber |     4 |    12 |     8 |    11 |       ||    35
       Corona            |     4 |     4 |    13 |    16 |     4 ||    41
       Confuse           |       |     2 |    31 |   136 |    99 ||   268
       Tukima's Dance    |       |       |     5 |    31 |    12 ||    48
       Dazzling Spray    |       |       |       |    19 |       ||    19
       Regeneration      |       |       |       |       |    10 ||    10
       Animate Dead      |       |       |       |       |     3 ||     3
Invok: Upheaval          |       |       |       |     4 |    17 ||    21
       Disaster Area     |       |       |       |       |     1 ||     1
Evoke: Wand              |       |       |       |     6 |     5 ||    11
       Phial of floods   |       |       |       |       |     3 ||     3
  Use: Scroll            |     2 |     8 |     5 |    16 |     9 ||    40
       Potion            |       |     3 |     2 |    10 |    11 ||    26
 Stab: Sleeping          |    15 |     8 |     1 |     3 |       ||    27
       Confused          |       |     5 |    22 |    48 |    43 ||   118
       Invisible         |       |       |       |     6 |       ||     6
       Paralysed         |       |       |       |     1 |       ||     1
  Eat: Chunk             |     2 |    11 |    16 |    31 |    38 ||    98
       Ration            |       |       |     1 |     7 |     9 ||    17
Armor: Skin              |     4 |    11 |    37 |   148 |    90 ||   290
Dodge: Dodged            |    30 |   114 |   213 |   499 |  1094 ||  1950
       Deflected         |       |       |       |     7 |    19 ||    26
Block: Other             |       |     6 |    30 |   229 |   460 ||   725

Table legend:
 A = Non-vault XP
 B = Vault XP
 C = Vault XP percentage of total XP
 D = Non-vault monster count
 E = Vault monster count
 F = Vault count percentage of total count
                 A         B        C        D         E       F
            +---------+---------+-------+---------+---------+-------
      Total |   77355 |   46687 |  37.6 |     539 |     188 |  25.9
            +---------+---------+-------+---------+---------+-------
        D:1 |      22 |       5 |  18.5 |      15 |       2 |  11.8
        D:2 |     129 |       0 |   0.0 |      31 |       0 |   0.0
        D:3 |     181 |      37 |  17.0 |      25 |       1 |   3.8
        D:4 |     385 |       0 |   0.0 |      11 |       0 |   0.0
        D:5 |     824 |     254 |  23.6 |      26 |       8 |  23.5
        D:6 |     453 |     560 |  55.3 |      12 |       3 |  20.0
        D:7 |    1536 |     406 |  20.9 |      38 |       2 |   5.0
        D:8 |    1063 |      21 |   1.9 |      28 |       1 |   3.4
        D:9 |    2013 |    1293 |  39.1 |      19 |       5 |  20.8
       D:10 |    4924 |    3262 |  39.8 |      39 |      16 |  29.1
       D:11 |    5070 |    4045 |  44.4 |      22 |      18 |  45.0
       D:12 |    8161 |    2545 |  23.8 |      40 |       7 |  14.9
       D:13 |    5242 |    1566 |  23.0 |      26 |       2 |   7.1
       D:14 |    4144 |       0 |   0.0 |      35 |       0 |   0.0
       D:15 |    8530 |    2365 |  21.7 |      22 |       3 |  12.0
     Lair:1 |    3726 |    2439 |  39.6 |      17 |      26 |  60.5
     Lair:2 |    5681 |    5140 |  47.5 |      16 |      17 |  51.5
     Lair:3 |    6403 |       0 |   0.0 |      28 |       0 |   0.0
     Lair:4 |    4991 |     603 |  10.8 |      21 |       3 |  12.5
     Lair:5 |    5816 |    3965 |  40.5 |      20 |      10 |  33.3
     Lair:6 |    5282 |    6911 |  56.7 |      15 |      18 |  54.5
      Orc:1 |    1730 |    6536 |  79.1 |      24 |      21 |  46.7
      Orc:2 |    1049 |    4596 |  81.4 |       9 |      19 |  67.9
      Sewer |       0 |     138 | 100.0 |       0 |       6 | 100.0
            +---------+---------+-------+---------+---------+-------
